 Dungeon Crawl Stone Soup version 0.13.2 (webtiles) character file.

150 stankywizzleteets the Sinner (level 3, -1/32 HPs)
             Began as a Deep Dwarf Healer on Aug 16, 2018.
             Was an Initiate of Elyvilon (penitent).
             Slain by a hobgoblin
             ... wielding a +0,+0 club
              (5 damage)
             ... on Level 1 of the Dungeon.
             The game lasted 00:08:29 (1348 turns).

stankywizzleteets the Sinner (Deep Dwarf Healer)    Turns: 1348, Time: 00:08:29

HP  -1/32        AC  4     Str 15      XL: 3   Next:  1%
MP   7/7         EV 12     Int 13      God: *Elyvilon
Gold 121         SH  0     Dex 12      Spells:  0 memorised,  2 levels left

Res.Fire  : . . .   See Invis. : .   j - +1,+0 dwarf dagger
Res.Cold  : . . .   Warding    : .   a - +1 robe
Life Prot.: . . .   Conserve   : .   (no shield)
Res.Poison: .       Res.Corr.  : .   p - +1 cap
Res.Elec. : .       Clarity    : .   (no cloak)
Sust.Abil.: . .     Spirit.Shd : .   (no gloves)
Res.Mut.  : .       Stasis     : .   (no boots)
Res.Rott. : .       Flight     : .   (no amulet)
Saprovore : . . .                    (no ring)
                                     (no ring)

@: non-regenerating, slightly resistant to hostile enchantments, unstealthy
A: damage resistance, recharge devices, sense surroundings 1, slow healing 3
a: Device Recharging, Lesser Healing, Renounce Religion


You were on level 1 of the Dungeon.
You worshipped Elyvilon.
Elyvilon was demanding penance.
You were not hungry.

You visited 1 branch of the dungeon, and saw 1 of its levels.

You collected 21 gold pieces.

Inventory:

Hand weapons
 e - a +3,+1 elven dagger of draining
 g - a +0,+1 hand axe (quivered)
 j - a +1,+0 dwarven dagger (weapon)
 k - a +0,+0 dagger
 l - a +1,+2 dagger
 n - a +0,+1 orcish club
 q - a +0,+0 dagger
Armour
 a - a +1 robe (worn)
 p - a +1 cap (worn)
 r - a +0 orcish robe
Magical devices
 d - a wand of heal wounds (5)
Comestibles
 f - a bread ration
Scrolls
 i - a scroll of recharging {unknown}
Potions
 b - a potion of curing
 c - 2 potions of heal wounds
 h - a potion of degeneration {unknown}
 m - a potion of brilliance {unknown}
 o - a potion of resistance {unknown}


   Skills:
 + Level 1.9 Fighting
 + Level 2.3 Dodging
 + Level 6.0 Invocations


You had 2 spell levels left.
You didn't know any spells.

Dungeon Overview and Level Annotations

Branches:
Dungeon (1/27)

Altars:


Innate Abilities, Weirdness & Mutations

You are resistant to damage.
You can recharge devices by infusing magical energy.
You passively map a small area around you.
You do not heal naturally.


Message History

The hobgoblin completely misses you. The hobgoblin hits you with a club.
The hobgoblin barely misses you. The hobgoblin closely misses you.
The hobgoblin barely misses you. The hobgoblin hits you with a club.
The hobgoblin closely misses you. The hobgoblin barely misses you.
The hobgoblin completely misses you. The hobgoblin hits you with a club.
* * * LOW HITPOINT WARNING * * *
The hobgoblin hits you with a club. The hobgoblin completely misses you.
The hobgoblin barely misses you. The hobgoblin closely misses you.
The hobgoblin barely misses you. The hobgoblin barely misses you.
The hobgoblin hits you with a club. The hobgoblin hits you with a club.
You die...

#..###.#.###.#
#..#.........#
#..#.#..###..#
#...^#..# #..#
#### #..# #..#
#.., ...# #..#
#.#*##..###..#####
#.# #..#......).#
#.# #..#.#..###@#
#.# #..#.#..# #g#
..#* #..#,#..# #.#
#.# ..,#..# #.#
#.# *#..###..# #.#
#.#, ...#....# #.#
#.####.##.##.# #.#
#.........##.# #.#
.....#.#####.# #.#


You could see a hobgoblin.

Vanquished Creatures
  A giant gecko (D:1)
  An ooze (D:1)
  3 giant cockroaches (D:1)
  3 jackals (D:1)
  A bat (D:1)
  2 giant newts (D:1)
  9 goblins (D:1)
  A hobgoblin (D:1)
  A kobold (D:1)
  4 rats (D:1)
26 creatures vanquished.

Vanquished Creatures (others)
  A bat (D:1)
1 creature vanquished.

Grand Total: 27 creatures vanquished

Notes
Turn   | Place    | Note
--------------------------------------------------------------
     0 | D:1      | stankywizzleteets, the Deep Dwarf Healer, began the quest for the Orb.
     0 | D:1      | Reached XP level 1. HP: 19/19 MP: 2/2
    19 | D:1      | Was placed under penance by Elyvilon
    64 | D:1      | Reached skill level 5 in Invocations
   356 | D:1      | Reached XP level 2. HP: 23/26 MP: 4/4
   808 | D:1      | Reached skill level 6 in Invocations
  1137 | D:1      | Reached XP level 3. HP: 22/32 MP: 7/7
  1348 | D:1      | Slain by a hobgoblin

Action                   || total
-------------------------++-------
Melee: Dagger            ||    74
Invok: Lesser Healing    ||     3
  Use: Scroll            ||     1
